 Dungeon Crawl Stone Soup version 0.24.0-13-gcf9b319 (webtiles) character file.

Game seed: 7407210514767644596, levelgen mode: deterministic

105 Fang the Shield-Bearer (level 4, -4/29 HPs)
             Began as a Gargoyle Fighter on Dec 17, 2019.
             Killed from afar by an orc wizard (6 damage)
             ... with a magic dart
             ... on level 2 of the Dungeon.
             The game lasted 00:02:17 (1287 turns).

Fang the Shield-Bearer (Gargoyle Fighter)           Turns: 1287, Time: 00:02:18

Health: -4/29      AC: 12    Str: 20    XL:     4   Next: 81%
Magic:  4/4        EV:  7    Int:  9    God:
Gold:   44         SH:  9    Dex:  9    Spells: 3/3 levels left

rFire    . . .     SeeInvis .   a - +0 war axe
rCold    . . .     Gourm    .   B - +0 shield
rNeg     + . .     Faith    .   b - +0 scale mail
rPois    ∞         Spirit   .   (no helmet)
rElec    +         Reflect  .   (no cloak)
rCorr    .         Harm     .   (no gloves)
MR       .....                  l - +1 pair of boots
Stlth    ..........             (no amulet)
HPRegen  0.09/turn              (no ring)
MPRegen  0.09/turn              (no ring)

@: no status effects
A: negative energy resistance 1, electricity resistance, unbreathing,
petrification resistance, rot immunity, AC +3
a: no special abilities


You were on level 2 of the Dungeon.
You were hungry.

You visited 1 branch of the dungeon, and saw 3 of its levels.

You collected 44 gold pieces.

Inventory:

Hand Weapons
 a - a +0 war axe (weapon)
Armour
 b - a +0 scale mail (worn)
 l - a +1 pair of boots (worn)
 B - a +0 shield (worn)
Scrolls
 e - 3 scrolls of remove curse {unknown}
 g - a scroll of random uselessness {unknown}
 i - a scroll of immolation {unknown}
 j - a scroll of noise {unknown}
 k - 2 scrolls of teleportation {unknown}
 n - a scroll of blinking {unknown}
 o - a scroll of amnesia {unknown}
 p - 2 scrolls of identify {unknown}
Potions
 d - a potion of might
 h - a potion of heal wounds {unknown}
 m - a potion of flight {unknown}
 q - a potion of invisibility {unknown}
 r - a potion of curing {unknown}
Comestibles
 c - 5 rations
 f - 3 chunks of flesh


   Skills:
 + Level 4.1 Fighting
 + Level 2.6 Axes
 + Level 4.0 Armour
 + Level 4.1 Shields


You had 3 spell levels left.
You didn't know any spells.
Your spell library was empty.

Dungeon Overview and Level Annotations

Branches:
Dungeon (3/15)

Altars:
Elyvilon


Innate Abilities, Weirdness & Mutations

You are resistant to torment.
Your stone body is resilient. (AC +3)
You are immune to poison.
You resist negative energy. (rN+)
You are resistant to electric shocks. (rElec)
You can survive without breathing.
You are immune to petrification.
You are immune to rotting.


Message History

A puff of frost appears from out of thin air!
The puff of frost hits you.
* * * LOW HITPOINT WARNING * * *
You hit something.
You hear some strange, mumbled words.
A puff of frost appears from out of thin air!
The puff of frost hits you.
* * * LOW HITPOINT WARNING * * *
Something hits you.
* * * LOW HITPOINT WARNING * * *
You miss something.
An orc wizard appears from thin air!
Reactivating autopickup.
You block the orc wizard's attack.
The orc wizard hits you but does no damage.
You miss the orc wizard.
The orc wizard is almost dead.
You block the orc wizard's attack. The orc wizard casts a spell at you.
The magic dart hits you.
You die...

# #...###.###.#.##.# #.# #####..
# ##..# #.# #...##.# #.# ##. #
##.###'###...##.# #.# #. #
#...+_###..###.# #.# #. #
##.###'###.## #.# #.# #. # #..#
#.# #.# #.# #.# #.
####..###.###.# ##.# #.# ###.
..##..........###[.# #.# #...
#.##..###..#####@o.###.#######.##
#.###.# #......).#.............#
#.# #.# #....###(..##.###########
#.# #.# #..#.# ##.###............
#.# #.# #....# #.# #############
#.###.###...## ##.##########
#...<.......####...........#
#####.##(...(.....########.#
#.......########### #.######


You could see an orc wizard.

Vanquished Creatures
  A worker ant (D:2)
  3 adders (D:2)
  A worm (D:2)
  3 leopard geckos
  2 orcs (D:2)
  2 giant cockroaches (D:2)
  2 goblins
  6 hobgoblins
  4 jackals (D:2)
  9 kobolds
  3 bats
  A frilled lizard (D:2)
  7 rats
44 creatures vanquished.

Notes
Turn   | Place    | Note
-------+----------+-------------------------------------------
     0 | D:1      | Fang the Gargoyle Fighter began the quest for the Orb.
     0 | D:1      | Reached XP level 1. HP: 14/14 MP: 1/1
   118 | D:1      | Reached XP level 2. HP: 19/19 MP: 2/2
   539 | D:2      | Reached XP level 3. HP: 23/23 MP: 3/3
   558 | D:2      | Found a white marble altar of Elyvilon.
   673 | D:2      | Reached XP level 4. HP: 20/29 MP: 4/4
  1285 | D:2      | HP: 1/29 [something (1)]
  1287 | D:2      | Killed from afar by an orc wizard

Levels and vault maps discovered:
D:1:      eino_arrival_tree_alley, layout_basic, minmay_fountain_box
D:2:      layout_loops_ring, lemuel_doored_altar
D:3:      layout_loops_ring, first_ration

Skill      XL: |  1  2  3  4 |
---------------+-------------+-----
Axes           | 2 |  2.6
Shields        | 4 |  4.1
Fighting       | 4 |  4.1
Armour         | 4 |  4.0

Action                   |  1- 3 |  4- 6 || total
-------------------------+-------+-------++-------
Melee: War axe           |    77 |    92 ||   169
  Eat: Chunk             |       |     1 ||     1
Armor: Scale mail        |    37 |    76 ||   113
Dodge: Dodged            |    25 |    24 ||    49
Block: Shield            |    41 |    62 ||   103
